AoeStats
← TUSHIRO1.2

Arabia

510443376Analyzed
1v1 RM · 1d ago on Oct 1, 2026· 51m 27s· 2 players
Game mode
Random Map
Map size
Tiny (2 player)
Population
200
Speed
Normal
Resources
Standard
Victory
Conquest
Starting age
Dark Age
Ending age
Imperial Age
RankedLock teamsTeams togetherTeam positionsShared explorationLock speedFull tech treeHidden civsTurbo modeCheats
Victory
Defeat
🇲🇽 Franks · Mexico
1142
+36
🇦🇷 Burgundians · Argentina
1157
-17
TUSHIRO1.2
7:23 Loom
10:30 Feudal Age
11:01 Double-Bit Axe
13:36 Forging
21:16 Castle Age
20:22 Scale Barding Armor
22:39 Chain Barding Armor
22:56 Iron Casting
22:39 Husbandry
26:56 Wheelbarrow
37:45 Imperial Age
37:56 Hand Cart
37:47 Cavalier
44:04 Light Cavalry
46:24 Paladin
49:47 Plate Barding Armor
Fox Mulder
6:57 Loom
9:42 Feudal Age
8:33 Double-Bit Axe
10:13 Horse Collar
21:23 Castle Age
19:39 Gold Mining
20:16 Forging
20:56 Scale Barding Armor
20:54 Heavy Plow
21:07 Bow Saw
21:35 Gold Shaft Mining
22:07 Pikeman
24:02 Husbandry
24:22 Stone Mining
25:57 Fervor
25:49 Cavalier
26:52 Scale Mail Armor
28:13 Sanctity
28:38 Iron Casting
28:46 Stone Shaft Mining
29:56 Wheelbarrow
30:27 Chain Barding Armor
37:04 Imperial Age
35:09 Chain Mail Armor
35:09 Town Watch
36:55 Ballistics
39:03 Blast Furnace
40:35 Chemistry
40:17 Paladin
43:03 Conscription
44:57 Plate Barding Armor
45:30 Burgundian Vineyards
Connection lost

Rejoining the realm…

Still unreachable

The connection could not be restored.

Session expired

The server has moved on; the page needs a fresh start.